 Dungeon Crawl Stone Soup version 0.31-a0-233-g139696dc86 (webtiles) character file.

Game seed: 4241026682916934645

175 Iniera the Magician (level 5, -3/28 HPs)
             Began as a Deep Elf Venom Mage on July 10, 2023.
             Slain by Grinder (5 damage)
             ... on level 3 of the Dungeon.
             The game lasted 00:04:29 (3349 turns).

Iniera the Magician (Deep Elf Venom Mage)           Turns: 3349, Time: 00:04:30

Health: -3/28      AC:  3    Str:  5    XL:     5   Next: 29%
Magic:  13/13      EV: 13    Int: 22    God:
Gold:   89         SH:  0    Dex: 15    Spells: 6/12 levels left

rFire   . . .        i - +5 short sword (speed)
rCold   . . .        (no shield)
rNeg    . . .        a - +1 robe
rPois   .            (no helmet)
rElec   .            (no cloak)
rCorr   .            (no gloves)
SInv    .            (no boots)
Will    .....        c - amulet of faith
Stlth   ++           (no ring)
HPRegen 0.24/turn    (no ring)
MPRegen 0.13/turn

%: faith
@: on berserk cooldown, slowed, very slow
A: no striking features
a: no special abilities


You were on level 3 of the Dungeon.
You visited 1 branch of the dungeon, and saw 3 of its levels.

You collected 174 gold pieces.
You spent 85 gold pieces at shops.

Inventory:

Hand Weapons
 i - a +5 short sword of speed (weapon)
Armour
 a - a +1 robe (worn)
Jewellery
 c - an amulet of faith (around neck)
Scrolls
 d - a scroll of identify
 e - 3 scrolls of teleportation
 f - a scroll of vulnerability
 n - 2 scrolls of enchant armour
Potions
 b - a potion of magic
 g - a potion of heal wounds
 j - 2 potions of haste
 k - a potion of enlightenment {unknown}


   Skills:
 + Level 3.5 Dodging
 + Level 3.7 Stealth
 + Level 4.1 Spellcasting
 + Level 0.3 Conjurations
 - Level 2.3 Transmutations
 + Level 0.4 Air Magic
 + Level 1.4 Earth Magic
 + Level 4.1 Poison Magic


You had 6 spell levels left.
You knew the following spells:

 Your Spells              Type           Power      Damage    Failure   Level
a - Sting                 Tmut/Pois      72%        1d6       3%          1
b - Poisonous Vapours     Pois/Air       28%        N/A       6%          2
c - Mephitic Cloud        Conj/Pois/Air  11%        N/A       17%         3

Your spell library contained the following spells:

 Spells                   Type           Power      Damage    Failure   Level
 Olgreb's Toxic Radiance  Pois           22%        N/A       21%         4
 Passage of Golubria      Tloc           4%         N/A       73%         4
 Silence                  Hex/Air        2%         N/A       95%         5
 Lehudib's Crystal Spear  Conj/Erth      4%         10d3      100%        8


Dungeon Overview and Level Annotations

Branches:
Dungeon (3/15)

Altars:
Sif Muna

Shops:
D:3 =(

Annotations:
D:3 Grinder


Message History

Grinder is moderately wounded.
Grinder gestures at you. Pain shoots through your body!
You puncture Grinder!
Grinder is heavily wounded.
You completely miss Grinder.
Grinder is heavily wounded.
You are no longer berserk.
You are exhausted.
You feel yourself slow down.
You barely miss Grinder.
Grinder is heavily wounded.
Grinder hits you!
You hit Grinder.
Grinder is heavily wounded.
Grinder hits you but does no damage.
You hit Grinder.
Grinder is severely wounded.
Grinder barely misses you.
You hit Grinder.
Grinder is almost dead.
Grinder gestures at you.
You suddenly lose the ability to move!
Grinder hits you.
* * * LOW HITPOINT WARNING * * *
You writhe in agony.
* * * LOW HITPOINT WARNING * * *
You can move again.
Unknown command.
Unknown command.
Unknown command.
You closely miss Grinder.
Grinder is almost dead.
Grinder gestures at you. Pain shoots through your body!
* * * LOW HITPOINT WARNING * * *
You hit Grinder.
Grinder is almost dead.
Grinder hits you.
You die...

≈.......≈
#....
....≈≈...
#(...
≈.≈≈...J.
#.....
.....≈≈≈###
#.....
........
##..##
.....####..
###
#.).......
..## #∩†5.#
###..
#.##.@#.#
#....
#....)#.#
#....
#####.#.#
#..).. #.#.#
#.....
######.#.###
##.###
#..........#
#
#.####.#.#.#
.##.#.#.#
+####.#..


You could see Grinder and an endoplasm.

Vanquished Creatures
  A hound (D:2)
  Terence (D:3)
  4 gnolls (D:3)
  An adder (D:2)
  2 worms (D:2)
  A dart slug (D:3)
  3 orcs (D:3)
  3 bats
  4 endoplasms
  A giant cockroach (D:1)
  6 goblins
  6 hobgoblins
  3 jackals (D:1)
  4 quokkas
  6 ball pythons
  4 frilled lizards
  5 kobolds
  7 rats
  A spectral hobgoblin (D:3)
63 creatures vanquished.

Notes
Turn   | Place    | Note
-------+----------+-------------------------------------------
     0 | D:1      | Iniera the Deep Elf Venom Mage began the quest for the Orb.
     0 | D:1      | Reached XP level 1. HP: 10/10 MP: 6/6
   198 | D:1      | Reached XP level 2. HP: 15/15 MP: 4/8
  1444 | D:2      | Reached XP level 3. HP: 19/19 MP: 7/9
  1535 | D:2      | Learned a level 2 spell: Poisonous Vapours
  1539 | D:2      | Learned a level 3 spell: Mephitic Cloud
  1990 | D:2      | Reached XP level 4. HP: 18/24 MP: 7/11
  2257 | D:3      | Found Junkis's Antique Weapon Shop.
  2278 | D:3      | Bought a runed dagger for 85 gold pieces
  2301 | D:3      | Reached skill level 1 in Earth Magic
  2673 | D:3      | Noticed Terence
  2807 | D:3      | Killed Terence
  2808 | D:3      | Reached XP level 5. HP: 28/28 MP: 0/13
  2975 | D:3      | Found a faded altar of an unknown god.
  3116 | D:3      | Found a shimmering blue altar of Sif Muna.
  3131 | D:3      | Found Qaobapnu's Jewellery Emporium.
  3138 | D:3      | Noticed Grinder
  3333 | D:3      | Paralysed by Grinder for 4 turns
  3346 | D:3      | Paralysed by Grinder for 2 turns
  3348 | D:3      | HP: 1/28 [Grinder/nerve-wracking pain (5)]
  3349 | D:3      | Slain by Grinder

Illustrated notes

Levels and vault maps discovered:
D:1:      dpeg_arrival_brainrot, layout_basic
D:2:      layout_loops_ring, grunt_ministairs_3, guppyfry_early_lair_pool
D:3:      layout_loops_ring, nicolae_uskayaw_suspiria,
          mainiacjoe_overflow_alcove_4,
          dreamdust_ecumenical_altar_drowned_temple, serial_shops, shop, shop,
          shop, nicolae_houndstooth_variations, uniq_grinder, uniq_terence

Skill      XL: |  1  2  3  4 |
---------------+-------------+-----
Stealth        | 3 |  3.7
Dodging        | 3 |  3.5
Transmutations | 2 |  2.3
Earth Magic    | 1 |  1.4
Spellcasting   | 4 |  4.1
Poison Magic   | 4 |  4.1
Conjurations   | |  0.3
Air Magic      | |  0.4

Action                     |  1- 3 |  4- 6 || total
---------------------------+-------+-------++-------
  Melee: Unarmed           |     7 |       ||     7
         Long sword        |     4 |     1 ||     5
         Dagger            |       |    18 ||    18
         Short sword       |       |    21 ||    21
   Cast: Sting             |    70 |    30 ||   100
         Poisonous Vapours |       |    13 ||    13
         Mephitic Cloud    |       |     3 ||     3
    Use: Scroll            |       |    10 ||    10
         Potion            |       |     1 ||     1
   Stab: Sleeping          |       |     2 ||     2
 Armour: Robe              |     6 |     7 ||    13
  Dodge: Dodged            |    25 |    30 ||    55

Table legend: (Time is in decaauts)
 A = Elapsed time spent in this place.
 B = Non-inter-level travel time spent in this place.
 C = Inter-level travel time spent in this place.
 D = Time resting spent in this place.
 E = Time spent auto-exploring this place.
 F = Levels seen in this place.
 G = Mean time per level.
                   A        B        C        D        E       F      G
               +--------+--------+--------+--------+--------+-----+--------+
         Total |   3348 |   3234 |    114 |    503 |   2230 |   3 | 1116.0 |
       Dungeon |   3348 |   3234 |    114 |    503 |   2230 |   3 | 1116.0 |
               +--------+--------+--------+--------+--------+-----+--------+

Top non-repeatable levels by time:
     D:1: 1230 daAuts
     D:2: 1198 daAuts
     D:3: 919 daAuts
